 Dungeon Crawl Stone Soup version 0.31-a0-1405-g2bb1a01664 (webtiles) character file.

Game seed: 15497477882243589707

576 pokeman the Magician (level 7, 0/40 HPs)
             Began as a Deep Elf Hedge Wizard on Dec 25, 2023.
             Was a Follower of Vehumet.
             Slain by a hound zombie (3 damage)
             ... in an ossuary.
             The game lasted 00:09:58 (4282 turns).

pokeman the Magician (Deep Elf Hedge Wizard)        Turns: 4282, Time: 00:09:59

Health: 0/40       AC:  3    Str:  7    XL:     7   Next: 13%
Magic:  6/20       EV: 13    Int: 21    God:    Vehumet [*.....]
Gold:   233        SH:  0    Dex: 14    Spells: 8/21 levels left

rFire   . . .        f - +1 short sword (speed)
rCold   . . .        (no shield)
rNeg    . . .        b - +0 robe
rPois   .            c - +0 hat
rElec   .            (no cloak)
rCorr   .            n - +0 pair of gloves
SInv    .            (no boots)
Will    .....        (no amulet)
Stlth   ++           (no ring)
HPRegen 0.26/turn    (no ring)
MPRegen 0.17/turn

%: no passive effects
@: no status effects
A: no striking features
a: Renounce Religion


You were in an ossuary.
You worshipped Vehumet.
Vehumet was aware of your devotion.
You visited 1 branch of the dungeon, and saw 4 of its levels.
You also visited: Ossuary.

You collected 233 gold pieces.

Inventory:

Hand Weapons
 f - a +1 short sword of speed (weapon)
Armour
 b - a +0 robe (worn)
 c - a +0 hat (worn)
 n - a +0 pair of gloves (worn)
Magical Staves
 t - a staff of alchemy
Scrolls
 e - a scroll of fog {unknown}
 g - a scroll of immolation {unknown}
 i - a scroll of revelation {unknown}
 k - 2 scrolls of teleportation {unknown}
 l - a scroll of enchant armour {unknown}
 m - a scroll of amnesia {unknown}
 r - 2 scrolls of identify {unknown}
Potions
 a - a potion of heal wounds {unknown}
 d - 2 potions of magic
 h - a potion of might {unknown}
 j - a potion of lignification {unknown}
 o - a potion of resistance {unknown}
 p - a potion of haste {unknown}
 q - a potion of enlightenment {unknown}
 s - a potion of brilliance {unknown}


   Skills:
 - Level 2.0 Fighting
 + Level 1.1 Armour
 - Level 3.0 Dodging
 - Level 3.3 Stealth
 * Level 7.6 Spellcasting
 + Level 3.6 Conjurations
 - Level 1.1 Summonings
 - Level 1.1 Translocations
 - Level 1.0 Air Magic
 + Level 2.4 Alchemy


You had 8 spell levels left.
You knew the following spells:

 Your Spells              Type           Power      Damage    Failure   Level
a - Magic Dart            Conj           92%        1d7       1%          1
b - Mephitic Cloud        Conj/Alch/Air  18%        N/A       10%         3
c - Call Imp              Summ           24%        N/A       8%          2
d - Blink                 Tloc           24%        N/A       8%          2
e - Irradiate             Conj/Alch      10%        3d15      54%         5

Your spell library contained the following spells:

 Spells                   Type           Power      Damage    Failure   Level
 Freeze                   Ice            32%        1d5       9%          1
 Sting                    Conj/Alch      80%        1d8       2%          1
 Mercury Vapours          Alch/Air       30%        N/A       6%          2
 Cigotuvi's Dreadful Rot  Necr/Alch/Air  24%        N/A       8%          2
 Slow                     Hex            32%        N/A       9%          1
 Jinxbite                 Hex            16%        N/A       12%         2
 Inner Flame              Hex/Fire       8%         N/A       24%         3
 Olgreb's Toxic Radiance  Alch           18%        N/A       30%         4
 Yara's Violent Unravell  Hex/Alch       6%         3d5       80%         5
 Enfeeble                 Hex            4%         N/A       100%        7
 Ignition                 Fire           4%         3d4       100%        8


Dungeon Overview and Level Annotations

Branches:
Dungeon (4/15)            Ossuary (1/1)
 Temple: D:4-7

Altars:
Vehumet


Message History

The centaur zombie attacks as it pursues you!
The centaur zombie barely misses you.
The centaur zombie kicks you but does no damage.
The gnoll zombie hits you.
* * * LOW HITPOINT WARNING * * *
Your magical contamination has completely faded away.
The centaur zombie barely misses you. x2; The gnoll zombie misses you.
Casting: Magic Dart (safe; 1% risk of failure)
Confirm with . or Enter, or press ? or * to list all spells.
A tiny devil pulls itself out of the air.
The centaur zombie hits you but does no damage.
The centaur zombie kicks you but does no damage.
Unknown command.
The centaur zombie closely misses you. The centaur zombie barely misses you.
Your cerulean imp hits the centaur zombie with a -3 spear.
The centaur zombie is destroyed!
Vehumet accepts your kill.
The hound zombie attacks as it pursues you!
The hound zombie closely misses you. The hound zombie bites you.
* * * LOW HITPOINT WARNING * * *
Your cerulean imp hits the hound zombie but does no damage.
Unknown command.
Casting: Call Imp (safe; 8% risk of failure)
Confirm with . or Enter, or press ? or * to list all spells.
Aiming: Magic Dart (safe; 1% risk of failure)
Press: ? - help, Shift-Dir - straight line, f - hound zombie
Aim: a hound zombie (heavily damaged, ally target, 100% to hit)
The magic dart hits the hound zombie!
The hound zombie is severely damaged.
The hound zombie misses you.
Your cerulean imp hits the hound zombie from afar with a -3 spear.
Casting: Magic Dart (safe; 1% risk of failure)
Confirm with . or Enter, or press ? or * to list all spells.
Aiming: Magic Dart (safe; 1% risk of failure)
Press: ? - help, Shift-Dir - straight line, f/p - hound zombie
Aim: a hound zombie (severely damaged, ally target, 100% to hit)
The magic dart hits the hound zombie.
The hound zombie is almost destroyed.
The hound zombie bites you.
You die...

..# #...# ..# #...#
..# #...# .Z# #...#
..# #..... #...# ..#
#.... #Z..# ..#
##.... #...# 5.# ....
#...# .Z# #..# #@..#
..# #..# #ZZ.# ..#
#..# #..5#
.ยง######..######...#
...................#
.......8..8........#
...................#
...................#
####################


You could see a hound zombie (ally target), a gnoll zombie, an orc zombie and a
friendly cerulean imp (summoned).

Vanquished Creatures
  An elf zombie (Ossuary)
  A scorpion (D:4)
  A bombardier beetle (D:4)
  A centaur zombie (Ossuary)
  An orc priest (D:3)
  3 hound zombies (Ossuary)
  A hound skeleton (D:4)
  4 adders
  5 adder zombies (Ossuary)
  A worm (D:3)
  2 dart slugs
  4 orcs
  7 endoplasms
  9 giant cockroaches
  7 goblins
  5 hobgoblins
  5 jackals
  2 quokkas
  5 ball pythons
  4 bats
  3 frilled lizards
  A gnoll zombie (Ossuary)
  4 jackal zombies (Ossuary)
  7 kobolds
  A kobold zombie (Ossuary)
  2 orc zombies (Ossuary)
  7 rats
94 creatures vanquished.

Vanquished Creatures (collateral kills)
  A black bear (D:3)
  A centaur zombie (Ossuary)
  A hound zombie (Ossuary)
  An adder zombie (Ossuary)
  A worm (D:1)
  An endoplasm (D:1)
  A giant cockroach (D:1)
  2 jackal zombies (Ossuary)
  A kobold zombie (Ossuary)
  An orc zombie (Ossuary)
  A rat (D:3)
12 creatures vanquished.

Grand Total: 106 creatures vanquished

Notes
Turn   | Place    | Note
-------+----------+-------------------------------------------
     0 | D:1      | pokeman the Deep Elf Hedge Wizard began the quest for the
                  | Orb.
     0 | D:1      | Reached XP level 1. HP: 10/10 MP: 7/7
     1 | D:1      | Found a runed translucent door.
   227 | D:1      | Reached XP level 2. HP: 16/16 MP: 5/9
   652 | D:1      | Reached skill level 5 in Spellcasting
   912 | D:1      | Reached XP level 3. HP: 20/20 MP: 4/11
   916 | D:1      | Learned a level 3 spell: Mephitic Cloud
   919 | D:1      | Learned a level 2 spell: Call Imp
   922 | D:1      | Learned a level 2 spell: Blink
  1435 | D:1      | Reached skill level 1 in Armour
  1535 | D:2      | Reached skill level 1 in Fighting
  1722 | D:2      | Reached XP level 4. HP: 17/25 MP: 4/13
  2973 | D:3      | Noticed a black bear
  2993 | D:3      | Killed a black bear
  2994 | D:3      | Reached skill level 6 in Spellcasting
  2994 | D:3      | Reached skill level 1 in Alchemy
  2994 | D:3      | Reached XP level 5. HP: 29/29 MP: 9/15
  3001 | D:3      | Learned a level 5 spell: Irradiate
  3140 | D:3      | Found a radiant altar of Vehumet.
  3145 | D:3      | Reached skill level 1 in Air Magic
  3155 | D:3      | Became a worshipper of Vehumet
  3729 | D:4      | Reached XP level 6. HP: 34/34 MP: 10/17
  3813 | D:4      | Found a sand-covered staircase.
  3831 | Ossuary  | Entered an ossuary
  3876 | Ossuary  | Reached skill level 7 in Spellcasting
  4142 | Ossuary  | Reached * piety under Vehumet
  4142 | Ossuary  | Offered knowledge of Freeze by Vehumet.
  4208 | Ossuary  | Reached XP level 7. HP: 18/40 MP: 14/20
  4238 | Ossuary  | HP: 2/40 [hound zombie (2)]
  4261 | Ossuary  | HP: 2/40 [centaur zombie (2)]
  4280 | Ossuary  | HP: 2/40 [hound zombie (3)]
  4282 | Ossuary  | Slain by a hound zombie

Illustrated notes

Levels and vault maps discovered:
D:1:      dpeg_arrival_caged_fury, layout_basic, hangedman_decor_push
D:2:      layout_basic
D:3:      layout_loops_ring, mainiacjoe_overflow_cross_hatched
D:4:      layout_loops_corners, nemelex_diamond_rough_becter,
          minmay_temple_entry_offerings, mainiacjoe_ossuary_entry_find_the_door
Ossuary:  ossuary_tomb_1

Skill      XL: |  1  2  3  4  5  6 |
---------------+-------------------+-----
Spellcasting   | 5 6 7 |  7.6
Armour         | 1 |  1.1
Fighting       | 1 2 |  2.0
Conjurations   | 2 3 |  3.6
Dodging        | 3 |  3.0
Stealth        | 3 |  3.3
Alchemy        | 1 2 |  2.4
Air Magic      | 1 |  1.0
Summonings     | |  1.1
Translocations | |  1.1

Action                     |  1- 3 |  4- 6 |  7- 9 || total
---------------------------+-------+-------+-------++-------
  Melee: Dagger            |     7 |       |       ||     7
         Short sword       |    38 |   169 |     7 ||   214
         Punch             |       |     1 |     1 ||     2
   Cast: Magic Dart        |   102 |    75 |     9 ||   186
         Mephitic Cloud    |     1 |     5 |       ||     6
         Call Imp          |     1 |     8 |     4 ||    13
         Blink             |       |     1 |     1 ||     2
   Stab: Confused          |     1 |     4 |       ||     5
         Distracted        |       |     1 |       ||     1
 Armour: Robe              |    24 |   102 |    27 ||   153
  Dodge: Dodged            |    35 |   146 |    19 ||   200

Table legend: (Time is in decaauts)
 A = Elapsed time spent in this place.
 B = Non-inter-level travel time spent in this place.
 C = Inter-level travel time spent in this place.
 D = Time resting spent in this place.
 E = Time spent auto-exploring this place.
 F = Levels seen in this place.
 G = Mean time per level.
                   A        B        C        D        E       F      G
               +--------+--------+--------+--------+--------+-----+--------+
         Total |   4208 |   4125 |     83 |     56 |   3284 |   5 |  841.6 |
       Dungeon |   3803 |   3720 |     83 |     38 |   3161 |   4 |  950.8 |
       Ossuary |    404 |    404 |      0 |     18 |    123 |   1 |  404.0 |
               +--------+--------+--------+--------+--------+-----+--------+

Top non-repeatable levels by time:
     D:1: 1502 daAuts
     D:3: 1111 daAuts
     D:2: 1052 daAuts
 Ossuary: 404 daAuts
     D:4: 137 daAuts
